 Dungeon Crawl Stone Soup version 0.29.1-1-gd02db6906a (webtiles) character file.

Game seed: 17305068610188483034

67 Aibolit the Trooper (level 4, -3/41 HPs)
             Began as a Hill Orc Fighter on Oct 8, 2022.
             Slain by an orc priest
             ... wielding a +0 flail
              (8 damage)
             ... on level 3 of the Dungeon.
             The game lasted 00:01:45 (1884 turns).

Aibolit the Trooper (Hill Orc Fighter)              Turns: 1884, Time: 00:01:46

Health: -3/41      AC:  7    Str: 20    XL:     4   Next: 16%
Magic:  4/4        EV:  8    Int:  8    God:
Gold:   95         SH:  8    Dex: 10    Spells: 3/3 levels left

rFire   . . .      SeeInvis .   a - +0 war axe
rCold   . . .      Faith    .   j - +0 kite shield
rNeg    . . .      Spirit   .   b - +0 scale mail
rPois   .          Reflect  .   (no helmet)
rElec   .          Harm     .   (no cloak)
rCorr   .          Rampage  .   (no gloves)
Will    .....                   (no boots)
Stlth   ..........              (no amulet)
HPRegen 0.13/turn               (no ring)
MPRegen 0.09/turn               (no ring)

@: no status effects
A: no striking features
a: Convert to Beogh


You were on level 3 of the Dungeon.
You visited 1 branch of the dungeon, and saw 3 of its levels.

You collected 95 gold pieces.

Inventory:

Hand Weapons
 a - a +0 war axe (weapon)
Armour
 b - a +0 scale mail (worn)
 j - a +0 kite shield (worn)
Scrolls
 e - 2 scrolls of teleportation {unknown}
 f - 3 scrolls of identify {unknown}
 i - 2 scrolls of noise {unknown}
 k - a scroll of blinking {unknown}
Potions
 c - 2 potions of curing {unknown}
 d - a potion of might
 g - a potion of experience {unknown}
 h - a potion of mutation {unknown}
 l - a potion of degeneration {unknown}
 m - a potion of brilliance {unknown}
 n - a potion of berserk rage {unknown}


   Skills:
 + Level 4.3 Fighting
 + Level 3.6 Axes
 + Level 3.9 Armour
 + Level 3.9 Shields


You had 3 spell levels left.
You didn't know any spells.
Your spell library contained the following spells:

 Spells                   Type           Power      Damage    Failure   Level
 Portal Projectile        Hex/Tloc       0%         N/A       100%        3
 Tukima's Dance           Hex            0%         N/A       100%        3
 Blade Hands              Tmut           0%         N/A       100%        5


Dungeon Overview and Level Annotations

Branches:
Dungeon (3/15)

Altars:


Message History

No target in view!
No target in view!
Done exploring.
No target in view!
Done exploring.
You see here 5 stones.
There is a stone staircase leading down here.
You climb downwards.
The orc priest shouts, "Surrender to Beogh and we'll let you live!" (press Y on the ability menu to convert to Beogh)
The orc priest shouts! x2
Found a stone staircase leading down.
There is a stone staircase leading up here.
You hit the orc priest.
The orc priest is lightly wounded.
You barely miss the orc. You hit the orc priest.
An endoplasm comes into view.
You block the orc priest's attack. x2
The orc hits you with a +0 hand axe of flaming.
The orc burns you.
The orc priest shouts, "Beogh is our master!
Accept the truth or die!"
You hit the orc priest but do no damage.
The orc priest is lightly wounded.
You closely miss the orc priest. You closely miss the orc.
You block the orc priest's attack. The orc priest hits you with a +0 club.
The orc hits you with a +0 hand axe of flaming.
The orc burns you. You block the orc's attack.
The orc priest hits you but does no damage.
The orc priest hits you with a +0 club.
The orc priest mumbles some strange prayers to Beogh against you.
Beogh smites you!
The orc priest shouts, "Beogh is our master!
Accept the truth or die!"
You are too injured to fight recklessly!
You are too injured to fight recklessly!
You are too injured to fight recklessly!
The orc priest calls down the wrath of Beogh upon you.
Beogh smites you!
* * * LOW HITPOINT WARNING * * *
The orc priest hits you with a +0 flail!
You die...

#... #...
.#...####
.........
......>.##
.........
#.....o####.##
#.....@o.J....
###..oo#.#.#.#
#....# ..
#....# .#
#....# ..
#....# ##
######


You could see 3 orc priests, an orc and an endoplasm.

Vanquished Creatures
  A gnoll (D:1)
  An adder (D:2)
  A dart slug (D:1)
  2 ball pythons
  4 bats (D:1)
  9 endoplasms
  2 giant cockroaches (D:1)
  6 goblins
  5 hobgoblins
  A quokka (D:1)
  4 frilled lizards
  2 kobolds
  3 rats
41 creatures vanquished.

Vanquished Creatures (others)
  4 toadstools (D:1)
4 creatures vanquished.

Grand Total: 45 creatures vanquished

Notes
Turn   | Place    | Note
-------+----------+-------------------------------------------
     0 | D:1      | Aibolit the Hill Orc Fighter began the quest for the Orb.
     0 | D:1      | Reached XP level 1. HP: 19/19 MP: 1/1
    32 | D:1      | Reached XP level 2. HP: 17/27 MP: 2/2
   247 | D:1      | Reached skill level 4 in Fighting
   378 | D:1      | Found a faded altar of an unknown god.
   383 | D:1      | Reached XP level 3. HP: 31/33 MP: 3/3
  1265 | D:2      | Reached XP level 4. HP: 39/40 MP: 4/4
  1884 | D:3      | Slain by an orc priest

Illustrated notes

Levels and vault maps discovered:
D:1:      ldierk_water_garden, layout_loops_ring,
          hellmonk_ecumenical_altar_arch_garden
D:2:      layout_basic, st_stairs_8
D:3:      layout_basic, nicolae_overflow_hidden_temple, corner_web_ring,
          uniq_crazy_yiuf_cottage, uniq_grinder, uniq_robin

Skill      XL: |  1  2 |
---------------+-------+-----
Axes           | 3 |  3.6
Fighting       | 4 |  4.3
Armour         | |  3.9
Shields        | |  3.9

Action                   |  1- 3 |  4- 6 || total
-------------------------+-------+-------++-------
Melee: War axe           |    86 |    17 ||   103
Armor: Scale mail        |    53 |     2 ||    55
Dodge: Dodged            |    34 |     7 ||    41
Block: Buckler           |    28 |       ||    28
       Kite shield       |     6 |     5 ||    11
